 Dungeon Sprint DCSS version 0.21.1-1-g345015f (webtiles) character file.

69231 Psiloshibe the Slayer (level 15, -20/147 HPs)
             Began as a Barachi Berserker on June 3, 2018.
             Was the Champion of Trog.
             Killed from afar by Margery (40 damage)
             ... with a bolt of fire
             ... in the Dungeon (Sprint IX: "|||||||||||||||||||||||||||||") on June 4, 2018.
             The game lasted 00:22:42 (2880 turns).

Psiloshibe the Slayer (Barachi Berserker)           Turns: 2880, Time: 00:22:45

Health: -20/147    AC: 31    Str: 29    XL:     15   Next: 29%
Magic:  5/5        EV: 15    Int:  8    God:    Trog [******]
Gold:   1420       SH: 14    Dex: 16    Spells: 14/14 levels left

rFire    . . .     SeeInvis .   b - +8 broad axe (antimagic)
rCold    . . .     Gourm    .   r - +0 shield of Leapfrog {Regen+ Str+3}
rNeg     . . .     Faith    .   q - +0 plate armour
rPois    .         Spirit   .   C - +0 helmet
rElec    .         Reflect  .   Q - +1 cloak
rCorr    .         Harm     .   O - +2 pair of gloves {Str+3}
MR       +++..     NoTele   +   N - +2 pair of boots {Stlth+}
Stlth    ..........             (no amulet)
HPRegen  1.74/turn              p - +3 ring of dexterity
MPRegen  0.09/turn              (no ring)

@: regenerating, slow
A: +LOS, swims, slowness 1, strong legs 2
a: Hop, Berserk, Trog's Hand, Brothers in Arms, Burn Spellbooks, Renounce
Religion


You were in the Dungeon.
You worshipped Trog.
Trog was exalted by your worship.
You were not hungry.

You visited 1 branch You collected 1900 gold pieces.
You spent 480 gold pieces at shops.

Inventory:

Hand Weapons
 a - the +1 broad axe "Gyhuofuna" {venom, rPois Str+4 Int+2 Dex+3}
   (You found it in the Dungeon)

   It poisons the flesh of those it strikes.
   It affects your strength (+4).
   It affects your intelligence (+2).
   It affects your dexterity (+3).
   It protects you from poison.
 b - a +8 antimagic broad axe (weapon)
 B - a +9 antimagic long sword
 F - a +2 scimitar of flaming
 J - a +3 antimagic war axe
Missiles
 j - 18 poisoned javelins
 n - 6 needles of frenzy
 o - 9 javelins of penetration (quivered)
 s - 16 needles of sleeping
 y - 4 tomahawks of dispersal
 A - 13 javelins of returning
 G - 8 silver javelins
 H - 5 tomahawks of returning
 L - 9 needles of confusion
 M - 4 curare-tipped needles
 T - 7 poisoned tomahawks
 V - 7 needles of paralysis
 Y - 2 steel javelins
Armour
 q - a +0 plate armour (worn)
 r - the +0 shield of Leapfrog (worn) {Regen+ Str+3}
   (You found it in the Dungeon)

   It affects your strength (+3).
   It increases your rate of regeneration.
 C - a +0 helmet (worn)
 N - a +2 pair of boots of stealth (worn)
 O - a +2 pair of gloves of strength (worn)
 Q - a +1 cloak (worn)
Jewellery
 p - a +3 ring of dexterity (left hand)
 D - an uncursed ring of protection from fire
 E - an uncursed ring of protection from magic
 P - an uncursed ring of fire
Wands
 m - a wand of acid (10)
Scrolls
 i - 3 scrolls of blinking
 l - 5 scrolls of remove curse
 v - a scroll of fear
 w - 2 scrolls of enchant armour
 x - a scroll of identify
 R - 4 scrolls of enchant weapon
 S - a scroll of fog
Potions
 d - 4 potions of curing
 e - a potion of invisibility
 f - 2 potions of haste
 g - 4 potions of magic
 h - 2 potions of berserk rage
 k - 6 potions of heal wounds
 t - 3 potions of might
 u - 2 potions of brilliance
 z - a potion of agility
Comestibles
 c - 12 rations
 I - 3 chunks of flesh


   Skills:
 * Level 22.3 Fighting
 + Level 9.4 Long Blades
 + Level 18.9 Axes
 * Level 21.1 Throwing
 * Level 19.4 Armour
 + Level 10.4 Dodging
 + Level 3.7 Stealth
 * Level 12.7 Shields
 * Level 10.5 Unarmed Combat


You had 14 spell levels left.
You didn't know any spells.

Dungeon Overview and Level Annotations

Branches:
Dungeon (1/1)

Altars:
Cheibriados
Dithmenos
Elyvilon
Fedhas
Gozag
Hepliaklqana
Kikubaaqudgha
Makhleb
Nemelex Xobeh
Okawaru
Qazlal
Ru
Sif Muna
Trog
Uskayaw
Vehumet
Wu Jian
Xom
Yredelemnul
Zin
The Shining One
Beogh
Jiyva
Lugonu

Shops:
D }[(:

Annotations:
D Margery


Innate Abilities, Weirdness & Mutations

Shadows flee at your approach. (+LOS)
You can swim through water.
You cover ground slowly.
You can hop long distances.


Message History

The javelin of penetration closely misses the hell knight.
Throwing (i - inventory. (,) - cycle):
o - 11 javelins of penetration (quivered)
Press: ? - help, Shift-Dir - straight line, f - Margery
Aim: Margery, wielding a halberd of flaming and wearing fire dragon scales (heavily wounded)
You throw a javelin of penetration.
The javelin of penetration pierces through Margery!
Margery is heavily wounded.
The javelin of penetration pierces through the hell knight but does no damage.
The hell knight is moderately wounded.
Throwing (i - inventory. (,) - cycle):
o - 10 javelins of penetration (quivered)
Press: ? - help, Shift-Dir - straight line, f/p - Margery
Aim: Margery, wielding a halberd of flaming and wearing fire dragon scales (heavily wounded)
You throw a javelin of penetration.
The javelin of penetration pierces through Margery!!!
Margery is almost dead.
The javelin of penetration pierces through the hell knight.
The hell knight is moderately wounded.
Margery gestures at you while chanting. The bolt of fire hits you!
You die...

▓▓▓▓▓▓▓▓▓▓▓▓▓▓▓▓▓▓
▓...▓...▓...▓...▓.
▓.▓.▓.▓.▓.▓.▓.▓.▓.
▓.▓.▓.▓.▓.▓.▓.▓.▓.
▓)▓.▓.▓.▓.▓.▓.▓.▓.
▓)▓.▓.▓.▓.▓.▓.▓.▓.
▓.▓.▓.▓.▓.▓.▓.▓.▓.
▓.▓.▓.▓.▓.▓.▓.▓.▓.
▓@▓.▓)▓.▓.▓.▓.▓.▓.
▓)▓.▓.▓.▓.▓.▓.▓.▓.
▓)▓'▓.▓.▓.▓'▓.▓'▓.
▓@▓.▓.▓.▓.▓.▓.▓.▓.
▓p▓.▓.▓.▓.▓.▓.▓.▓.
▓)▓.▓.▓'▓.▓.▓.▓.▓.
▓.▓.▓.▓.▓.▓.▓.▓.▓.
▓.▓(▓.▓.▓.▓.▓.▓.▓.
▓(▓)▓.▓.▓.▓.▓.▓∩▓[


You could see Margery and a hell knight.

Vanquished Creatures
  Rupert (D)
  Kirke (D)
  A thorn hunter (D)
  A vault warden (D)
  A ghost moth (D)
  2 ironheart preservers (D)
  A spriggan defender (D)
  A very ugly thing (D)
  6 stone giants (D)
  An entropy weaver (D)
  Azrael (D)
  4 ettins (D)
  A merfolk impaler (D)
  A crystal guardian (D)
  3 fire dragons (D)
  4 yaktaur captains (D)
  An ice dragon (D)
  2 rakshasas (D)
  Erica (D)
  A centaur warrior (D)
  A merfolk avatar (D)
  A deep troll shaman (D)
  3 ogre magi (D)
  2 alligators (D)
  3 two-headed ogres (D)
  A naga sharpshooter (D)
  A shock serpent (D)
  2 iron trolls (D)
  A shadow wraith (D)
  3 hell knights (D)
  2 sea snakes (D)
  An ironbrand convoker (D)
  An unseen horror (D)
  6 orc knights (D)
  A harpy (D)
  6 deep trolls (D)
  A deep elf archer (D)
  A glowing orange brain (D)
  An ugly thing (D)
  A naga ritualist (D)
  A mana viper (D)
  An orb spider (D)
  2 wolf spiders (D)
  A moth of wrath (D)
  3 black mambas (D)
  A black mamba (shapeshifter) (D)
  2 naga magi (D)
  8 spiny frogs (D)
  A rime drake (shapeshifter) (D)
  An efreet (D)
  A yaktaur (D)
  A merfolk (D)
  A queen bee (shapeshifter) (D)
  4 trolls (D)
  3 wind drakes (D)
  2 jumping spiders (D)
  A hornet (shapeshifter) (D)
  3 slime creatures (D)
  2 hippogriffs (D)
  A bog body (D)
  3 blink frogs (D)
  2 redbacks (D)
  A yak (D)
  Eustachio (D)
  3 fire elementals (D)
  2 hungry ghosts (D)
  3 hell hounds (D)
  A porcupine (D)
  15 orc warriors (D)
  A sky beast (D)
  A swamp drake (D)
  An ogre (D)
  An ogre (shapeshifter) (D)
  2 crocodiles (D)
  A big kobold (D)
  7 bullfrogs (D)
  A killer bee (D)
  A crimson imp (D)
  A hound (D)
  2 jellies (D)
  3 orc priests (D)
  2 orc wizards (D)
  An iguana (D)
  2 orcs (D)
  A goblin (D)
  A jackal (D)
  A kobold (D)
  A bat simulacrum (D)
  2 frilled lizards (D)
  A rat (D)
179 creatures vanquished.

Vanquished Creatures (collateral kills)
  A hell knight (D)
  2 spiny frogs (D)
  A blink frog (D)
  A yak (D)
  3 crocodiles (D)
8 creatures vanquished.

Vanquished Creatures (others)
  A vampire mosquito (D)
  A swamp drake (D)
  A boggart (D)
3 creatures vanquished.

Grand Total: 190 creatures vanquished

Notes
Turn   | Place    | Note
-------+----------+-------------------------------------------
     0 | D        | Psiloshibe the Barachi Berserker began the quest for the Orb.
     0 | D        | Reached XP level 1. HP: 18/18 MP: 1/1
     5 | D        | Reached skill level 4 in Fighting
    10 | D        | Reached ** piety under Trog
   165 | D        | Noticed an iguana
   165 | D        | Noticed a hound
   165 | D        | Noticed a sky beast
   165 | D        | Noticed a jelly
   174 | D        | Killed a jelly
   174 | D        | Reached *** piety under Trog
   174 | D        | Reached skill level 5 in Fighting
   174 | D        | Reached skill level 5 in Long Blades
   174 | D        | Reached XP level 2. HP: 27/27 MP: 2/2
   174 | D        | Reached XP level 3. HP: 33/33 MP: 3/3
   188 | D        | Killed a sky beast
   188 | D        | Reached skill level 7 in Fighting
   188 | D        | Reached XP level 4. HP: 10/43 MP: 4/4
   188 | D        | Reached XP level 5. HP: 11/48 MP: 5/5
   197 | D        | HP: 2/48 [hound (5)]
   226 | D        | Found a roughly hewn altar of Beogh.
   226 | D        | Found a snail-covered altar of Cheibriados.
   226 | D        | Found a shadowy altar of Dithmenos.
   226 | D        | Found a white marble altar of Elyvilon.
   226 | D        | Found a blossoming altar of Fedhas.
   226 | D        | Found an opulent altar of Gozag.
   226 | D        | Found a hazy altar of Hepliaklqana.
   227 | D        | Found a viscous altar of Jiyva.
   228 | D        | Found an ancient bone altar of Kikubaaqudgha.
   229 | D        | Found a corrupted altar of Lugonu.
   230 | D        | Found a burning altar of Makhleb.
   231 | D        | Found a sparkling altar of Nemelex Xobeh.
   232 | D        | Found an iron altar of Okawaru.
   233 | D        | Found a stormy altar of Qazlal.
   234 | D        | Found a sacrificial altar of Ru.
   235 | D        | Found a deep blue altar of Sif Muna.
   236 | D        | Found a bloodstained altar of Trog.
   237 | D        | Found a hide-covered altar of Uskayaw.
   238 | D        | Found a radiant altar of Vehumet.
   239 | D        | Found an ornate altar of the Wu Jian Council.
   240 | D        | Found a shimmering altar of Xom.
   241 | D        | Found a basalt altar of Yredelemnul.
   242 | D        | Found a glowing silver altar of Zin.
   243 | D        | Found a glowing golden altar of the Shining One.
   261 | D        | Got the +1 broad axe "Gyhuofuna" {venom, rPois Str+4 Int+2 Dex+3}
   378 | D        | Noticed a two-headed ogre
   378 | D        | Noticed an ogre
   378 | D        | Noticed a big kobold
   384 | D        | Reached skill level 8 in Fighting
   394 | D        | Killed a big kobold
   394 | D        | Received a gift from Trog
   394 | D        | Reached skill level 9 in Fighting
   394 | D        | Reached skill level 1 in Axes
   394 | D        | Reached skill level 5 in Throwing
   394 | D        | Reached skill level 5 in Dodging
   394 | D        | Reached XP level 6. HP: 56/58 MP: 6/6
   400 | D        | Killed a two-headed ogre
   400 | D        | Reached skill level 12 in Fighting
   400 | D        | Reached skill level 5 in Armour
   400 | D        | Reached skill level 1 in Stealth
   400 | D        | Reached XP level 7. HP: 69/70 MP: 7/7
   400 | D        | Reached XP level 8. HP: 75/76 MP: 8/8
   407 | D        | Reached **** piety under Trog
   463 | D        | Noticed a two-headed ogre
   486 | D        | Killed a two-headed ogre
   486 | D        | Reached skill level 13 in Fighting
   486 | D        | Reached skill level 5 in Axes
   486 | D        | Reached skill level 10 in Throwing
   486 | D        | Reached XP level 9. HP: 30/85 MP: 9/9
   506 | D        | Reached ***** piety under Trog
   510 | D        | Received a gift from Trog
   522 | D        | Received a gift from Trog
   722 | D        | Noticed a spiny frog
   722 | D        | Noticed a spiny frog
   724 | D        | Received a gift from Trog
   735 | D        | Killed a spiny frog
   740 | D        | Killed a spiny frog
   740 | D        | Reached skill level 14 in Fighting
   812 | D        | Noticed a spiny frog
   812 | D        | Noticed a spiny frog
   812 | D        | Noticed a spiny frog
   814 | D        | Killed a spiny frog
   814 | D        | Reached XP level 10. HP: 77/94 MP: 10/10
   815 | D        | Killed a spiny frog
   815 | D        | Received a gift from Trog
   815 | D        | Reached skill level 10 in Axes
   820 | D        | Killed a spiny frog
   820 | D        | Received a gift from Trog
   931 | D        | Noticed a spiny frog
   931 | D        | Noticed a spiny frog
   931 | D        | Noticed a spiny frog
   931 | D        | Noticed a spiny frog
   933 | D        | Received a gift from Trog
   934 | D        | Killed a spiny frog
   934 | D        | Received a gift from Trog
   934 | D        | Reached skill level 10 in Armour
   937 | D        | Killed a spiny frog
   940 | D        | Killed a spiny frog
   942 | D        | Killed a spiny frog
   942 | D        | Received a gift from Trog
   946 | D        | Reached ****** piety under Trog
  1018 | D        | Noticed Erica
  1033 | D        | Killed Erica
  1033 | D        | Reached skill level 15 in Fighting
  1033 | D        | Reached XP level 11. HP: 60/102 MP: 11/11
  1231 | D        | Noticed a stone giant
  1234 | D        | Received a gift from Trog
  1247 | D        | Killed a stone giant
  1282 | D        | Received a gift from Trog
  1288 | D        | Received a gift from Trog
  1350 | D        | Noticed an orc knight
  1350 | D        | Noticed an orc knight
  1354 | D        | Killed an orc knight
  1354 | D        | Received a gift from Trog
  1357 | D        | Received a gift from Trog
  1357 | D        | Killed an orc knight
  1376 | D        | Noticed an orc knight
  1382 | D        | Received a gift from Trog
  1389 | D        | Killed an orc knight
  1389 | D        | Reached skill level 16 in Fighting
  1500 | D        | Found Teaclur's Book Boutique.
  1500 | D        | Noticed a deep troll
  1500 | D        | Noticed a deep troll
  1500 | D        | Noticed an iron troll
  1500 | D        | Noticed a deep troll
  1501 | D        | Noticed a deep troll
  1504 | D        | Killed a deep troll
  1506 | D        | Noticed an ogre mage
  1506 | D        | Killed a deep troll
  1506 | D        | Killed a deep troll
  1506 | D        | Reached skill level 15 in Axes
  1508 | D        | Killed a deep troll
  1508 | D        | Received a gift from Trog
  1509 | D        | Killed an iron troll
  1509 | D        | Reached XP level 12. HP: 70/113 MP: 12/12
  1509 | D        | Killed an ogre mage
  1509 | D        | Reached skill level 17 in Fighting
  1511 | D        | Found Taaw's Antique Weapon Shop.
  1516 | D        | Found Yxzadd's Antique Armour Boutique.
  1522 | D        | Found Ysomoed's Gadget Shop.
  1528 | D        | Noticed a stone giant
  1532 | D        | Killed a stone giant
  1532 | D        | Reached skill level 15 in Throwing
  1534 | D        | Noticed an iron troll
  1536 | D        | Received a gift from Trog
  1549 | D        | Killed an iron troll
  1563 | D        | Received a gift from Trog
  1600 | D        | Bought a pair of glowing boots for 240 gold pieces
  1600 | D        | Bought a pair of runed gloves for 240 gold pieces
  1786 | D        | Got the +0 shield of Leapfrog {Regen+ Str+3}
  1810 | D        | Noticed a two-headed ogre
  1811 | D        | Received a gift from Trog
  1813 | D        | Noticed an ettin
  1813 | D        | Received a gift from Trog
  1813 | D        | Reached skill level 1 in Shields
  1813 | D        | Received a gift from Trog
  1815 | D        | Killed a two-headed ogre
  1818 | D        | Received a gift from Trog
  1822 | D        | Reached skill level 18 in Fighting
  1824 | D        | Killed an ettin
  1839 | D        | Noticed an ice dragon
  1840 | D        | Noticed a fire dragon
  1852 | D        | Killed an ice dragon
  1852 | D        | Received a gift from Trog
  1862 | D        | Killed a fire dragon
  1994 | D        | Noticed an alligator
  1995 | D        | Noticed a thorn hunter
  2003 | D        | Noticed an alligator
  2007 | D        | Killed an alligator
  2007 | D        | Reached skill level 15 in Armour
  2007 | D        | Gained mutation: You can hop long distances. [Barachi growth]
  2007 | D        | Reached XP level 13. HP: 115/124 MP: 13/13
  2008 | D        | Received a gift from Trog
  2010 | D        | Killed a thorn hunter
  2010 | D        | Reached skill level 5 in Shields
  2109 | D        | Received a gift from Trog
  2117 | D        | Noticed a merfolk impaler
  2119 | D        | Received a gift from Trog
  2154 | D        | Killed a merfolk impaler
  2154 | D        | Reached skill level 19 in Fighting
  2185 | D        | Received a gift from Trog
  2185 | D        | Received a gift from Trog
  2186 | D        | Reached skill level 1 in Unarmed Combat
  2250 | D        | Received a gift from Trog
  2254 | D        | Noticed an entropy weaver
  2259 | D        | Received a gift from Trog
  2263 | D        | Killed an entropy weaver
  2280 | D        | Killed a ghost moth
  2280 | D        | Received a gift from Trog
  2363 | D        | Noticed Eustachio
  2364 | D        | Killed Eustachio
  2391 | D        | Noticed Azrael
  2393 | D        | Killed Azrael
  2394 | D        | Noticed Kirke
  2406 | D        | Killed Kirke
  2406 | D        | Received a gift from Trog
  2406 | D        | Reached XP level 14. HP: 134/134 MP: 14/14
  2413 | D        | Reached skill level 5 in Unarmed Combat
  2490 | D        | Noticed a stone giant
  2491 | D        | Noticed a stone giant
  2494 | D        | Killed a stone giant
  2494 | D        | Killed a stone giant
  2496 | D        | Received a gift from Trog
  2496 | D        | Reached skill level 20 in Fighting
  2498 | D        | Noticed a stone giant
  2498 | D        | Received a gift from Trog
  2498 | D        | Reached skill level 10 in Shields
  2498 | D        | Received a gift from Trog
  2502 | D        | Noticed a spriggan defender
  2510 | D        | Killed a stone giant
  2512 | D        | Killed a spriggan defender
  2512 | D        | Reached skill level 10 in Dodging
  2537 | D        | Noticed a brown very ugly thing
  2544 | D        | Received a gift from Trog
  2550 | D        | Killed a brown very ugly thing
  2583 | D        | Received a gift from Trog
  2601 | D        | Noticed an ironheart preserver
  2611 | D        | Received a gift from Trog
  2628 | D        | Received a gift from Trog
  2631 | D        | Killed an ironheart preserver
  2631 | D        | Received a gift from Trog
  2631 | D        | Reached skill level 21 in Fighting
  2642 | D        | Noticed a vault warden
  2648 | D        | Noticed an ironheart preserver
  2651 | D        | Reached XP level 15. HP: 75/144 MP: 5/15
  2651 | D        | Received a gift from Trog
  2653 | D        | Killed a vault warden
  2670 | D        | Reached skill level 10 in Unarmed Combat
  2756 | D        | Noticed Rupert
  2760 | D        | Paralysed by Rupert for 5 turns
  2770 | D        | Paralysed by Rupert for 3 turns
  2777 | D        | Killed Rupert
  2777 | D        | Received a gift from Trog
  2777 | D        | Reached skill level 22 in Fighting
  2865 | D        | Noticed Margery
  2874 | D        | Received a gift from Trog
  2880 | D        | Killed from afar by Margery

Skill      XL: |  1  2  3  4  5  6  7  8  9 10 11 12 13 14 15 |
---------------+----------------------------------------------+-----
Fighting       | 5 7 9 12 13 14 15 16 18 19 21 22 | 22.3
Long Blades    | 5 8 9 |  9.4
Throwing       | 2 3 5 8 10 11 12 14 17 19 20 21 | 21.1
Armour         | 3 4 5 6 8 11 13 15 17 19 | 19.4
Dodging        | 3 4 5 7 8 9 10 | 10.4
Axes           | 1 3 5 9 13 15 16 17 18 | 18.9
Stealth        | 1 3 |  3.7
Shields        | 4 9 11 12 | 12.7
Unarmed Combat | 4 9 10 | 10.5

Action                   |  1- 3 |  4- 6 |  7- 9 | 10-12 | 13-15 || total
-------------------------+-------+-------+-------+-------+-------++-------
Melee: Falchion          |    37 |    10 |       |       |       ||    47
       Broad axe         |       |    11 |    41 |   135 |   158 ||   345
Throw: Javelin           |       |       |     5 |    64 |    59 ||   128
Invok: Trog's Hand       |     1 |     3 |     2 |     2 |     6 ||    14
       Berserk           |     1 |     1 |     1 |       |     1 ||     4
       Brothers in Arms  |       |       |     1 |       |     1 ||     2
 Abil: Hop               |       |     1 |       |       |       ||     1
  Use: Potion            |       |     1 |     1 |       |       ||     2
 Stab: Distracted        |       |       |       |       |     1 ||     1
  Eat: Chunk             |       |       |     6 |     5 |     7 ||    18
Armor: Animal skin       |     7 |     1 |       |       |       ||     8
       Plate armour      |       |     4 |    19 |    57 |   101 ||   181
Dodge: Dodged            |    12 |    28 |    28 |    96 |    74 ||   238
Block: Shield            |       |       |       |    22 |    97 ||   119
       Rpst.: Falchion   |     3 |     6 |       |       |       ||     9
